 Dungeon Crawl Stone Soup version 0.30-a0-626-gd6a5dd7a1f (webtiles) character file.

Game seed: 6701687744907183402

92 NinjaNoafa the Grave Robber (level 4, -1/32 HPs)
             Began as a Human Wanderer on Jan 12, 2023.
             Was a Believer of Jiyva.
             Killed from afar by Natasha (5 damage)
             ... with a magic dart
             ... on level 3 of the Dungeon.
             The game lasted 00:07:48 (2518 turns).

NinjaNoafa the Grave Robber (Human Wanderer)        Turns: 2518, Time: 00:07:49

Health: -1/32      AC:  5    Str: 13    XL:     4   Next: 90%
Magic:  7/7        EV: 10    Int: 17    God:    Jiyva [**....]
Gold:   50         SH:  0    Dex:  9    Spells: 6/7 levels left

rFire   . . .      SeeInvis .    a - +0 spear
rCold   . . .      Faith    .    (no shield)
rNeg    . . .      Spirit   .    m - +0 ring mail
rPois   .          Reflect  .    (helmet unavailable)
rElec   .          Harm     .    (no cloak)
rCorr   +          Rampage  .    (no gloves)
Will    .....                    (no boots) Stlth
                                 (no amulet)
HPRegen 1.21/turn                (no ring)
MPRegen 0.40/turn                (no ring)

@: hasted and slowed
A: horns 3, tendrils
a: Renounce Religion


You were on level 3 of the Dungeon.
You worshipped Jiyva.
Jiyva was pleased with you.
You visited 1 branch of the dungeon, and saw 3 of its levels.

You collected 94 gold pieces.
You spent 44 gold pieces at shops.

Inventory:

Hand Weapons
 a - a +0 spear (weapon)
Missiles
 j - 2 javelins
Armour
 m - a +0 ring mail (worn)
Wands
 p - a wand of paralysis (3)
Scrolls
 k - a scroll of vulnerability
 l - a scroll of noise {unknown}
 n - 3 scrolls of fog {unknown}
 o - a scroll of teleportation {unknown}
Potions
 c - 2 potions of flight {unknown}
 e - 3 potions of mutation
 g - 2 potions of brilliance {unknown}
 h - a potion of degeneration


   Skills:
 - Level 1.0 Fighting
 - Level 3.3 Armour
 - Level 1.0 Dodging
 + Level 2.2 Spellcasting
 - Level 3.6 Necromancy
 + Level 1.2 Air Magic
 + Level 1.6 Poison Magic


You had 6 spell levels left.
You knew the following spells:

 Your Spells              Type           Power      Damage    Failure   Level
a - Necrotise             Necr           56%        1d6       9%          1

Your spell library contained the following spells:

 Spells                   Type           Power      Damage    Failure   Level
 Sublimation of Blood     Necr           14%        N/A       13%         2
 Kiss of Death            Conj/Necr      32%        2d7       19%         1
 Cigotuvi's Dreadful Rot  Necr/Pois/Air  18%        N/A       24%         2
 Poisonous Vapours        Pois/Air       12%        N/A       32%         2
 Dispel Undead            Necr           14%        3d10      63%         4
 Confusing Touch          Hex            1%         N/A       75%         3
 Ozocubu's Armour         Ice            1%         N/A       75%         3
 Metabolic Englaciation   Hex/Ice        0%         N/A       100%        5
 Simulacrum               Ice/Necr       4%         N/A       100%        6


Dungeon Overview and Level Annotations

Branches:
Dungeon (3/15)

Altars:
Ashenzari
Nemelex Xobeh
Sif Muna
Wu Jian
Jiyva

Shops:
D:1 !

Annotations:
D:3 Grinder, Natasha


Innate Abilities, Weirdness & Mutations

You have a pair of large horns on your head.
You are covered in slimy tendrils that may disarm your opponents.


Message History

Grinder hits you!
You writhe in agony.
Grinder hits you.
You writhe in agony.
Grinder gestures at you.
You shrug off the repeated paralysis!
Grinder hits you.
You writhe in agony.
Natasha casts a spell at you.
You feel yourself slow down. Grinder hits you but does no damage.
You can move again.
Unknown command.
Aiming: Necrotise (safe; 9% risk of failure)
Press: ? - help, Q - select action, (/) - cycle Shift-Dir - straight line, f - Natasha
Aim: Natasha (chance to affect: 71%) Natasha writhes in agony.
Natasha claws you. Grinder hits you.
* * * LOW HITPOINT WARNING * * *
You writhe in agony.
* * * LOW HITPOINT WARNING * * *
You feel better. Natasha claws you.
* * * LOW HITPOINT WARNING * * *
Grinder hits you.
* * * LOW HITPOINT WARNING * * *
You writhe in agony.
* * * LOW HITPOINT WARNING * * *
Okay, then.
Okay, then.
The air fills with toxic fumes!
As you read the scroll labelled FEFATW ERIALAO, it crumbles to dust.
It was a scroll of poison.
Natasha claws you.
* * * LOW HITPOINT WARNING * * *
Grinder blinks!
As you read the scroll labelled HERRAT ZADI, it crumbles to dust.
It is a scroll of identify.
k - a scroll of vulnerability Natasha claws you.
* * * LOW HITPOINT WARNING * * *
As you read the scroll of identify, it crumbles to dust.
e - 3 potions of mutation Natasha stares at you and mumbles some strange words.
The magic dart hits you.
You die...

##.##. ####.# ...§§##
#.# ..§§J§## #.#
#§§§§§# #.# .##§5§§§##
#.# ....§§§§§§# #.#
#...§§§§§§### #.#
.##.._§§§§.§h§####§#
........§...#@§§§§§#
.......♣♣...###§####
...≈≈..♣♣..####.#######
...≈≈......#...........
..........#.###..######
.##.....##..# #..#
######....# #..#
#.........# #..########
#.#######.# #.........#


You could see Grinder, Natasha and a neutral jelly (wandering) (fellow slime).

Vanquished Creatures
  Ijyb (D:3)
  An adder (D:3)
  2 worms (D:2)
  2 dart slugs
  3 ball pythons
  4 bats
  2 endoplasms (D:1)
  5 giant cockroaches
  5 goblins
  6 hobgoblins
  A kobold (D:1)
  3 quokkas (D:2)
  3 frilled lizards (D:1)
  2 rats
40 creatures vanquished.

Vanquished Creatures (collateral kills)
  A bat (D:1)
  A quokka (D:3)
2 creatures vanquished.

Vanquished Creatures (others)
  2 jellies (D:3)
  Natasha (D:3)
  A rat (D:2)
  19 plants (D:1)
23 creatures vanquished.

Grand Total: 65 creatures vanquished

Notes
Turn   | Place    | Note
-------+----------+-------------------------------------------
     0 | D:1      | NinjaNoafa the Human Wanderer began the quest for the Orb.
     0 | D:1      | NinjaNoafa set off with the following items: a +0 club, a
                  | potion of haste, a +0 scale mail; and the following spells
                  | available to memorise: Necrotise, Sublimation of Blood,
                  | Kiss of Death, Cigotuvi's Dreadful Rot, Poisonous Vapours.
     0 | D:1      | Reached XP level 1. HP: 15/15 MP: 2/2
    16 | D:1      | Learned a level 1 spell: Necrotise
   337 | D:1      | Reached XP level 2. HP: 18/21 MP: 0/3
   628 | D:1      | Found a faded altar of an unknown god.
   652 | D:1      | Prayed at the altar of an unknown god.
   652 | D:1      | Became a worshipper of Jiyva Jadon the Shapeless
   652 | D:1      | Reached * piety under Jiyva
   866 | D:1      | Found Goguodas's Distillery.
   877 | D:1      | Bought a potion of degeneration for 11 gold pieces
   877 | D:1      | Bought a potion of curing for 33 gold pieces
   922 | D:1      | Reached XP level 3. HP: 26/26 MP: 2/5
  1318 | D:2      | Reached ** piety under Jiyva
  1819 | D:2      | Found a shimmering blue altar of Sif Muna.
  2098 | D:3      | Reached *** piety under Jiyva
  2098 | D:3      | Gained mutation: You have a pair of small horns on your
                  | head. [Jiyva's grace]
  2098 | D:3      | Gained mutation: You have a pair of horns on your head.
                  | [Jiyva's grace]
  2098 | D:3      | Gained mutation: You have a pair of large horns on your
                  | head. [Jiyva's grace]
  2098 | D:3      | Gained mutation: You are covered in slimy tendrils that may
                  | disarm your opponents. [Jiyva's grace]
  2156 | D:3      | Reached XP level 4. HP: 32/32 MP: 4/6
  2168 | D:3      | Noticed Natasha
  2215 | D:3      | Found a broken altar of Ashenzari.
  2270 | D:3      | Found an ornate altar of the Wu Jian Council.
  2329 | D:3      | Found a sparkling altar of Nemelex Xobeh.
  2356 | D:3      | Noticed Ijyb
  2361 | D:3      | Killed Ijyb
  2362 | D:3      | Reached skill level 1 in Air Magic
  2501 | D:3      | Noticed Grinder
  2505 | D:3      | Killed Natasha
  2507 | D:3      | Paralysed by Grinder for 5 turns
  2508 | D:3      | Noticed Natasha
  2518 | D:3      | Killed from afar by Natasha

Illustrated notes

Levels and vault maps discovered:
D:1:      psy_arrival_radial01, layout_loops_ring, serial_glass,
          glass_columns_a, glass_columns_a, serial_shops,
          nicolae_shop_hallway_stairs, chequers_ecumenical_altar_island,
          serial_bayou_pond_c
D:2:      layout_basic, basic_altar
D:3:      layout_loops_ring, mainiacjoe_overflow_small_starburst,
          nemelex_xobeh_ov_fountains_minmay, nicolae_wu_jian_wuxing_cycle,
          uniq_natasha, uniq_grinder, uniq_ijyb

Skill      XL: |  1  2  3  4 |
---------------+-------------+-----
Spellcasting   | 2 |  2.2
Air Magic      | 1 |  1.2
Fighting       | |  1.0
Armour         | |  3.3
Dodging        | |  1.0
Necromancy     | |  3.6
Poison Magic   | |  1.6

Action                   |  1- 3 |  4- 6 || total
-------------------------+-------+-------++-------
Melee: Spear             |    16 |    10 ||    26
       Punch             |     1 |       ||     1
       Headbutt          |       |     4 ||     4
 Cast: Necrotise         |    71 |    21 ||    92
Invok: Oozemancy         |       |     1 ||     1
  Use: Scroll            |       |     3 ||     3
       Potion            |       |     2 ||     2
Armor: Ring mail         |     1 |    13 ||    14
Dodge: Dodged            |    13 |    19 ||    32

Table legend: (Time is in decaauts)
 A = Elapsed time spent in this place.
 B = Non-inter-level travel time spent in this place.
 C = Inter-level travel time spent in this place.
 D = Time resting spent in this place.
 E = Time spent auto-exploring this place.
 F = Levels seen in this place.
 G = Mean time per level.
                   A        B        C        D        E       F      G
               +--------+--------+--------+--------+--------+-----+--------+
         Total |   2532 |   2363 |    169 |      0 |   2023 |   3 |  844.0 |
       Dungeon |   2532 |   2363 |    169 |      0 |   2023 |   3 |  844.0 |
               +--------+--------+--------+--------+--------+-----+--------+

Top non-repeatable levels by time:
     D:1: 1207 daAuts
     D:2: 911 daAuts
     D:3: 414 daAuts
